 Dungeon Crawl Stone Soup version 0.28.0 (webtiles) character file.

Game seed: 758184035146732495

72 HallandMoats the Skirmisher (level 4, -1/36 HPs)
             Began as a Demonspawn Fighter on Feb 13, 2022.
             Slain by a gnoll (6 damage)
             ... on level 2 of the Dungeon.
             The game lasted 00:01:21 (1193 turns).

HallandMoats the Skirmisher (Demonspawn Fighter)    Turns: 1193, Time: 00:01:23

Health: -1/36      AC:  6    Str: 18    XL:     4   Next: 7%
Magic:  5/5        EV: 11    Int:  9    God:
Gold:   57         SH:  4    Dex: 13    Spells: 3/3 levels left

rFire   . . .      SeeInvis .   a - +0 war axe
rCold   . . .      Faith    .   c - +0 buckler
rNeg    . . .      Spirit   .   b - +0 scale mail
rPois   .          Reflect  .   (no helmet)
rElec   .          Harm     .   (no cloak)
rCorr   .          Rampage  .   (no gloves)
Will    .....                   (no boots)
Stlth   ..........              (no amulet)
HPRegen 0.12/turn               (no ring)
MPRegen 0.18/turn               (no ring)

@: no status effects
A: claws 1, repulsion field 1, magic regeneration
a: no special abilities


You were on level 2 of the Dungeon.
You visited 1 branch of the dungeon, and saw 2 of its levels.

You collected 57 gold pieces.

Inventory:

Hand Weapons
 a - a +0 war axe (weapon)
Armour
 b - a +0 scale mail (worn)
 c - a +0 buckler (worn)
Jewellery
 f - a ring of protection from fire
Scrolls
 e - a scroll of teleportation {unknown}
Potions
 d - a potion of might


   Skills:
 * Level 3.6 Fighting
 * Level 2.4 Axes
 + Level 2.9 Armour
 + Level 0.9 Dodging
 + Level 2.9 Shields
 * Level 2.0 Invocations


You had 3 spell levels left.
You didn't know any spells.
Your spell library was empty.

Dungeon Overview and Level Annotations

Branches:
Dungeon (2/15)

Altars:


Innate Abilities, Weirdness & Mutations

You have sharp fingernails.
You are surrounded by a mild repulsion field. (EV +2)
You regenerate magic rapidly.


Message History

No target in view!
A gnoll comes into view. It is wielding a +0 club.
The gnoll shouts!
You hear a shout!
A gnoll comes into view. It is wielding a +0 spear.
There are monsters nearby!
There are monsters nearby!
There are monsters nearby!
There are monsters nearby!
A gnoll comes into view. It is wielding a +0 halberd.
A gnoll comes into view. It is wielding a +0 flail.
Found a stone staircase leading down.
The gnoll shouts!
You block the gnoll's attack. The gnoll hits you but does no damage.
The gnoll misses you.
You closely miss the gnoll. You hit the gnoll but do no damage.
The gnoll barely misses you. x2; The gnoll hits you with a +0 halberd.
The gnoll hits you but does no damage. The gnoll completely misses you.
You barely miss the gnoll. You closely miss the gnoll.
The gnoll hits you but does no damage. You block the gnoll's attack.
The gnoll hits you from afar with a +0 spear.
You closely miss the gnoll. You slash the gnoll!
The gnoll hits you with a +0 halberd! The gnoll barely misses you.
The gnoll hits you but does no damage. The gnoll closely misses you.
The gnoll barely misses you.
You barely miss the gnoll. x2; The gnoll barely misses you. x2
You block the gnoll's attack. The gnoll barely misses you.
You closely miss the gnoll. You hit the gnoll.
You kill the gnoll!
The gnoll hits you with a +0 halberd! The gnoll barely misses you.
Your Invocations skill increases to level 2!
You have reached level 4!
You feel agile.
Your demonic ancestry asserts itself...
Your fingernails lengthen.
You slash the gnoll!
The gnoll is almost dead.
You closely miss the gnoll.
The gnoll hits you from afar with a +0 spear.
* * * LOW HITPOINT WARNING * * *
The gnoll hits you but does no damage. The gnoll hits you with a +0 flail.
You die...

.).............###.###
##############.##
.............#..#
######..####.#..##
#....#..# #.#...#
#.......# #.#.#.#
#.......####.#.#.#
...........#.#.#.#
##.........#.#.#@#
...........#.#.#gg.#
##.†.......#.#.##g.#
........####.#. ....
##.....#####.# ..###
..####.......# ..# #.#
######### ... #.# .>.#
#.#


You could see 3 gnolls.

Vanquished Creatures
  An adder (D:2)
  A gnoll (D:2)
  A worm (D:2)
  A dart slug (D:1)
  A ball python (D:2)
  5 endoplasms
  7 goblins
  4 hobgoblins
  4 kobolds
  A quokka (D:1)
  11 bats
  3 frilled lizards
  3 rats (D:1)
43 creatures vanquished.

Vanquished Creatures (others)
  A worm (D:2)
1 creature vanquished.

Grand Total: 44 creatures vanquished

Notes
Turn   | Place    | Note
-------+----------+-------------------------------------------
     0 | D:1      | HallandMoats the Demonspawn Fighter began the quest for the
                  | Orb.
     0 | D:1      | Reached XP level 1. HP: 18/18 MP: 1/1
   271 | D:1      | Gained mutation: You regenerate magic rapidly. [demonic
                  | ancestry]
   271 | D:1      | Reached XP level 2. HP: 23/24 MP: 2/2
   285 | D:1      | Reached skill level 1 in Invocations
   604 | D:1      | Gained mutation: You are surrounded by a mild repulsion
                  | field. (EV +2) [demonic ancestry]
   604 | D:1      | Reached XP level 3. HP: 28/29 MP: 3/3
  1193 | D:2      | Gained mutation: You have sharp fingernails. [demonic
                  | ancestry]
  1193 | D:2      | Reached XP level 4. HP: 11/36 MP: 5/5
  1193 | D:2      | Slain by a gnoll

Illustrated notes

Levels and vault maps discovered:
D:1:      tarquinn_simple_flora_water_f, layout_basic, glass_columns_a
D:2:      layout_basic

Skill      XL: |  1  2  3 |
---------------+----------+-----
Axes           | 2 |  2.4
Invocations    | 1 2 |  2.0
Fighting       | |  3.6
Armour         | |  2.9
Dodging        | |  0.9
Shields        | |  2.9

Action                   |  1- 3 |  4- 6 || total
-------------------------+-------+-------++-------
Melee: War axe           |   106 |     1 ||   107
Armor: Scale mail        |    70 |     1 ||    71
Dodge: Dodged            |    78 |       ||    78
Block: Buckler           |    40 |       ||    40
